 Dungeon Crawl Stone Soup version 0.30-a0-948-g4fa250aae5 (webtiles) character file.

Game seed: 1986302583722888994

5188 xian the Cleaver (level 10, -10/129 HPs)
             Began as a Purple Draconian Gladiator on Mar 27, 2023.
             Was a Follower of Trog.
             Killed by divine providence
             ... invoked by an orc priest
              (12 damage)
             ... on level 8 of the Dungeon.
             The game lasted 00:17:27 (8210 turns).

xian the Cleaver (Purple Draconian Gladiator)       Turns: 8210, Time: 00:17:27

Health: -10/129    AC:  9    Str: 22    XL:     10   Next: 34%
Magic:  10/10      EV: 14    Int:  9    God:    Trog [*.....]
Gold:   385        SH:  4    Dex: 13    Spells: 9/9 levels left

rFire   + . .      SeeInvis .    v - +4 hammer of Jeell {drain, rC- Will+ rCorr Str+2}
rCold   x . .      Faith    .    x - +0 buckler
rNeg    . . .      Spirit   .    (body armour unavailable)
rPois   +          Reflect  .    b - +0 hat
rElec   .          Rampage  .    p - +0 cloak
rCorr   +                        h - +0 pair of gloves
Will    ++...                    (no boots) Stlth
                                 z - amulet of the acrobat
HPRegen 0.41/turn                u - ring of protection from fire
MPRegen 0.12/turn                B - ring of poison resistance

@: berserking, short of breath, very quick
A: breathe power, AC +7, unfitting armour, cold-blooded
a: Breathe Dispelling Energy, Renounce Religion, Berserk


You were on level 8 of the Dungeon.
You worshipped Trog.
Trog was aware of your devotion.
You visited 2 branches of the dungeon, and saw 9 of its levels.

You collected 385 gold pieces.

Inventory:

Hand Weapons
 v - the +4 hammer of Jeell (weapon) {drain, rC- Will+ rCorr Str+2}
   (You found it on level 5 of the Dungeon)

   Str:       It affects your strength (+2).
   rC:        It makes you vulnerable to cold.
   rCorr:     It protects you from acid and corrosion.
   Will:      It increases your willpower.
Missiles
 c - 3 throwing nets
 d - 3 javelins (quivered)
 t - 4 boomerangs
 D - 2 boomerangs of dispersal
Armour
 b - a +0 hat (worn)
 h - a +0 pair of gloves (worn)
 p - a +0 cloak (worn)
 x - a +0 buckler (worn)
Jewellery
 u - a ring of protection from fire (left hand)
 z - an amulet of the acrobat (around neck)
 B - a ring of poison resistance (right hand)
Wands
 f - a wand of acid (2)
 s - a wand of paralysis (5)
 w - a wand of digging (3)
 y - a wand of flame (18)
 C - a wand of polymorph (6)
Scrolls
 e - 4 scrolls of teleportation
 j - 2 scrolls of identify
 n - 2 scrolls of blinking
 o - 2 scrolls of summoning
 E - a scroll of fear {unknown}
Potions
 a - a potion of attraction {unknown}
 g - a potion of brilliance {unknown}
 i - 3 potions of heal wounds
 k - 3 potions of curing
 l - a potion of magic {unknown}
 m - a potion of flight {unknown}
 q - a potion of berserk rage
 r - a potion of lignification {unknown}
 A - a potion of might {unknown}
 F - a potion of cancellation {unknown}
 G - a potion of haste {unknown}


   Skills:
 + Level 7.6 Fighting
 + Level 8.6(10.0) Axes
 + Level 7.9(9.7) Maces & Flails
 + Level 2.4 Throwing
 + Level 6.5 Dodging
 + Level 3.4 Stealth
 + Level 2.1 Shields


You had 9 spell levels left.
You didn't know any spells.
Your spell library contained the following spells:

 Spells                   Type           Power      Damage    Failure   Level
 Scorch                   Fire           0%         2d5       63%         2
 Inner Flame              Hex/Fire       0%         N/A       85%         3
 Animate Dead             Necr           0%         N/A       99%         4
 Cause Fear               Hex            0%         N/A       99%         4
 Flame Wave               Conj/Fire      0%         2d4       99%         4
 Borgnjor's Vile Clutch   Necr/Erth      0%         N/A       100%        5
 Death Channel            Necr           0%         N/A       100%        6
 Summon Cactus Giant      Summ           0%         N/A       100%        6
 Discord                  Hex            0%         N/A       100%        8


Dungeon Overview and Level Annotations

Branches:
Dungeon (8/15)             Temple (1/1) D:4
   Lair: D:8-11

Altars:
Ashenzari
Dithmenos
Gozag
Hepliaklqana
Makhleb
Nemelex Xobeh
Sif Muna
Trog
Uskayaw
Vehumet
Wu Jian
Xom
Yredelemnul
The Shining One

Shops:
D:2 (


Innate Abilities, Weirdness & Mutations

You can breathe bolts of dispelling energy.
Your rich purple scales are hard. (AC +7)
You cannot fit into any form of body armour.
You are cold-blooded and may be slowed by cold attacks.


Message History

The wyvern is moderately wounded.
The wyvern misses you. The wyvern barely misses you.
You hit the wyvern but do no damage.
You tail-slap the wyvern, but do no damage.
The wyvern is moderately wounded.
You block the wyvern's attack.
You barely miss the wyvern.
The wyvern is moderately wounded.
The wyvern bites you!
The orc priest invokes the aid of Beogh against you.
Beogh smites you!
* * * LOW HITPOINT WARNING * * *
The wyvern bites you.
* * * LOW HITPOINT WARNING * * *
A red film seems to cover your vision as you go berserk!
You feel yourself moving faster!
You feel mighty! The wyvern closely misses you.
The orc priest mumbles some strange prayers to Beogh against you.
Beogh smites you!
* * * LOW HITPOINT WARNING * * *
You hit the wyvern.
The wyvern is moderately wounded.
The wyvern bites you.
* * * LOW HITPOINT WARNING * * *
You completely miss the wyvern.
The wyvern is moderately wounded.
The wyvern bites you.
* * * LOW HITPOINT WARNING * * *
You barely miss the wyvern.
The wyvern is moderately wounded.
The wyvern bites you!
* * * LOW HITPOINT WARNING * * *
You hit the wyvern.
The wyvern is heavily wounded.
The wyvern bites you but does no damage.
You closely miss the wyvern.
The wyvern is heavily wounded.
The orc priest mumbles some strange prayers to Beogh against you.
Beogh smites you!
You die...

.# #.###.###########.#....# .#
#.###.# ##.###..# .## ###.##..#
#..# ### ..##
#.......##########.##
...#####.#.#.#..........#.####
.......#.#...##########.#....#
.........#..## #........#
............#########........#
............##Yl@.......#.......
.............o{###......#........
.............o###..#......>......
..........†...###.#.............)
........#.#.####.................
........#....o.o...#..........#.
...............................
............####........#....#
.......^..........#..##.#..###


You could see a wyvern, an ice beast, an orc priest and an orc.

Vanquished Creatures
  Pikel (D:7)
  A hornet (D:7)
  A wyvern (D:8)
  10 yaks
  A steam dragon (D:8)
  Menkaure (D:4)
  Edmund (D:6)
  A water moccasin (D:7)
  A sky beast (D:7)
  2 ice beasts
  A black bear (D:5)
  2 ogres
  2 centaurs
  3 phantoms
  A lemure (D:7)
  Blork the orc (D:6)
  A gnoll sergeant (D:7)
  2 bullfrogs
  4 scorpions (D:8)
  4 wights (D:7)
  3 jellies
  4 killer bees (D:7)
  2 howler monkeys
  4 hounds
  Crazy Yiuf (D:5)
  An orc priest (D:8)
  3 iguanas
  A sleepcap (D:5)
  Robin (D:4)
  8 adders
  5 gnolls (D:7)
  A white imp (D:8)
  An ufetubus (D:5)
  6 worms
  2 dart slugs
  15 orcs
  8 bats
  6 endoplasms
  3 giant cockroaches
  15 goblins
  15 hobgoblins
  5 quokkas
  9 ball pythons
  6 frilled lizards
  4 kobolds
  A rat (D:1)
171 creatures vanquished.

Vanquished Creatures (others)
  15 fungi
  6 plants (D:8)
21 creatures vanquished.

Grand Total: 192 creatures vanquished

Notes
Turn   | Place    | Note
-------+----------+-------------------------------------------
     0 | D:1      | xian the Draconian Gladiator began the quest for the Orb.
     0 | D:1      | Reached XP level 1. HP: 17/17 MP: 1/1
   163 | D:1      | Reached XP level 2. HP: 20/25 MP: 2/2
   664 | D:2      | Reached XP level 3. HP: 28/30 MP: 3/3
   749 | D:2      | Reached skill level 4 in Axes
   834 | D:2      | Found Xoeple's Weapon Shop.
   935 | D:2      | Reached XP level 4. HP: 33/37 MP: 4/4
  1442 | D:2      | Found a faded altar of an unknown god.
  2249 | D:4      | Noticed Menkaure
  2340 | D:3      | Reached XP level 5. HP: 7/45 MP: 5/5
  2816 | D:4      | Killed Menkaure
  2817 | D:4      | Reached skill level 5 in Axes
  2817 | D:4      | Reached skill level 1 in Stealth
  3016 | D:4      | Reached XP level 6. HP: 51/51 MP: 6/6
  3139 | D:4      | Found a staircase to the Ecumenical Temple.
  3139 | D:4      | Noticed Robin
  3150 | D:4      | Reached skill level 6 in Axes
  3170 | D:4      | Killed Robin
  3182 | Temple   | Entered the Ecumenical Temple
  3318 | Temple   | Became a worshipper of Trog the Wrathful
  3706 | D:5      | Entered Level 5 of the Dungeon
  3837 | D:5      | Noticed an ice beast
  3845 | D:5      | Killed an ice beast
  3846 | D:5      | Your scales start taking on a rich purple colour.
  3846 | D:5      | Reached XP level 7. HP: 58/58 MP: 7/7
  4073 | D:5      | Reached skill level 7 in Axes
  4226 | D:5      | Found a runed translucent door.
  4227 | D:5      | Noticed Crazy Yiuf
  4237 | D:5      | Killed Crazy Yiuf
  4242 | D:5      | Identified the +4 hammer of Jeell {drain, rC- Will+ rCorr
                  | Str+2}
  4720 | D:5      | Found a radiant altar of Vehumet.
  4725 | D:5      | Found a hazy altar of Hepliaklqana.
  4773 | D:5      | Reached XP level 8. HP: 52/67 MP: 8/8
  5017 | D:6      | Noticed Edmund
  5025 | D:6      | Killed Edmund
  5026 | D:6      | Reached skill level 8 in Axes
  5026 | D:6      | Reached skill level 1 in Maces & Flails
  5706 | D:6      | Noticed Blork the orc
  5716 | D:6      | Killed Blork the orc
  5716 | D:6      | Reached * piety under Trog
  5883 | D:6      | Reached skill level 5 in Fighting
  5891 | D:6      | Reached skill level 5 in Dodging
  6339 | D:7      | Noticed Pikel
  6355 | D:7      | Killed Pikel
  6356 | D:7      | Reached XP level 9. HP: 62/74 MP: 9/9
  6573 | D:7      | Reached skill level 5 in Maces & Flails
  6769 | D:7      | Reached skill level 1 in Shields
  7918 | D:8      | Reached XP level 10. HP: 83/84 MP: 10/10
  8208 | D:8      | HP: 2/129 [wyvern (15)]
  8210 | D:8      | Killed from afar by an orc priest

Illustrated notes

Levels and vault maps discovered:
D:1:      dpeg_arrival_windows_large_door, layout_basic, minivault_19,
          due_unseen_surprise
D:2:      layout_loops_ring, serial_shops, shop,
          shapermc_ecumenical_altar_acropolis, hangedman_feature_mirror
D:3:      layout_loops_cross
D:4:      layout_basic, minmay_temple_entry_hall, uniq_robin, uniq_menkaure
D:5:      layout_gridville, grunt_temple_overflow_open, uniq_crazy_yiuf_cottage
D:6:      nicolae_cairo_tiling_large, layout_basic, uniq_edmund,
          uniq_blork_the_orc
D:7:      layout_loops_corners, uniq_pikel
D:8:      layout_rooms, grunt_lair_entry_orc_guard_hut,
          nicolae_looking_at_the_future
Temple:   nicolae_temple_bog_church

Skill      XL: |  1  2  3  4  5  6  7  8  9 10 |
---------------+-------------------------------+-----
Dodging        | 3 4 5 6 |  6.5
Axes           | 4 5 6 7 8 |  8.6
Fighting       | 3 4 5 6 7 |  7.6
Stealth        | 1 2 3 |  3.4
Maces & Flails | 4 6 7 |  7.9
Shields        | 2 |  2.1
Throwing       | 2 |  2.4

Action                     |  1- 3 |  4- 6 |  7- 9 | 10-12 || total
---------------------------+-------+-------+-------+-------++-------
  Melee: War axe           |    96 |   165 |    27 |       ||   288
         Tailslap          |    12 |    18 |    34 |    16 ||    80
         Punch             |     1 |       |       |       ||     1
         Mace              |       |       |   206 |    76 ||   282
  Throw: Javelin           |       |       |     1 |       ||     1
 Invoke: Berserk           |       |       |     2 |     1 ||     3
Ability: Breathe Dispellin |       |       |    19 |     4 ||    23
    Use: Scroll            |       |     1 |     5 |       ||     6
   Stab: Sleeping          |     1 |     2 |     1 |       ||     4
 Armour: Skin              |    20 |    65 |    69 |    16 ||   170
  Dodge: Dodged            |    77 |   141 |   185 |    66 ||   469
  Block: Buckler           |       |       |    34 |    17 ||    51

Table legend: (Time is in decaauts)
 A = Elapsed time spent in this place.
 B = Non-inter-level travel time spent in this place.
 C = Inter-level travel time spent in this place.
 D = Time resting spent in this place.
 E = Time spent auto-exploring this place.
 F = Levels seen in this place.
 G = Mean time per level.
                   A        B        C        D        E       F      G
               +--------+--------+--------+--------+--------+-----+--------+
         Total |   8325 |   8011 |    314 |    122 |   5883 |   9 |  925.0 |
       Dungeon |   8172 |   7858 |    314 |    122 |   5757 |   8 | 1021.5 |
        Temple |    153 |    153 |      0 |      0 |    126 |   1 |  153.0 |
               +--------+--------+--------+--------+--------+-----+--------+

Top non-repeatable levels by time:
     D:7: 1494 daAuts
     D:5: 1341 daAuts
     D:4: 1129 daAuts
     D:6: 1122 daAuts
     D:3: 1025 daAuts
     D:2: 918 daAuts
     D:1: 671 daAuts
     D:8: 469 daAuts
  Temple: 153 daAuts
